 Dungeon Crawl Stone Soup version 0.32-a0-868-g153ae1a8d6 (webtiles) character file.

Game seed: 10433630423029165377

333 Spyfire242 the Cudgeller (level 6, 0/51 HPs)
             Began as a Mountain Dwarf Cinder Acolyte on Mar 28, 2024.
             Was an Elder of Ignis.
             Slain by Duvessa
             ... wielding a +0 rapier
              (13 damage)
             ... on level 4 of the Dungeon.
             The game lasted 00:07:19 (3252 turns).

Spyfire242 the Cudgeller (MDCA)                     Turns: 3252, Time: 00:07:19

Health: 0/51       AC: 15    Str: 24    XL:     6   Next: 27%
Magic:  7/7        EV:  9    Int: 15    God:    Ignis [****..]
Gold:   68         SH:  0    Dex:  5    Spells: 7/7 levels left

rFire   + . .        a - -1 mace (flame)
rCold   + . .        (no shield)
rNeg    . . .        m - +1 scale mail {rC+}
rPois   .            c - +0 helmet
rElec   .            (no cloak)
rCorr   .            (no gloves)
SInv    .            (no boots)
Will    .....        (no amulet) Stlth
                     n - +6 ring of strength
HPRegen 0.28/turn    (no ring)
MPRegen 0.10/turn

%: no passive effects
@: fiery-armoured
A: runic magic, artefact enchanting
a: Renounce Religion, Fiery Armour, Foxfire Swarm, Rising Flame


You were on level 4 of the Dungeon.
You worshipped Ignis.
Ignis was greatly pleased with you.
You visited 1 branch of the dungeon, and saw 4 of its levels.

You collected 68 gold pieces.

Inventory:

Hand Weapons
 a - a -1 mace of flaming (weapon)
Armour
 c - a +0 helmet (worn)
 m - a +1 scale mail of cold resistance (worn)
Jewellery
 k - a +6 ring of intelligence
 n - a +6 ring of strength (left hand)
Scrolls
 b - 2 scrolls of revelation {unknown}
 d - 2 scrolls of identify {unknown}
 g - a scroll of fog {unknown}
 j - a scroll of vulnerability {unknown}
 l - a scroll of poison {unknown}
 o - a scroll of torment {unknown}
 q - a scroll of teleportation {unknown}
 s - a scroll of brand weapon {unknown}
Potions
 e - a potion of heal wounds {unknown}
 f - a potion of lignification {unknown}
 h - 2 potions of invisibility {unknown}
 i - 3 potions of curing {unknown}
 p - a potion of magic {unknown}
 r - a potion of berserk rage {unknown}


   Skills:
 - Level 3.2 Fighting
 * Level 7.7 Maces & Flails
 - Level 0.1 Throwing
 + Level 2.8 Armour
 - Level 0.2 Dodging
 - Level 1.0 Spellcasting
 - Level 3.6 Fire Magic


You had 7 spell levels left.
You didn't know any spells.
Your spell library contained the following spells:

 Spells                   Type           Power      Damage    Failure   Level
 Scorch                   Fire           22%        2d5       11%         2
 Magic Dart               Conj           0%         1d3       30%         1
 Blink                    Tloc           0%         N/A       41%         2
 Call Imp                 Summ           0%         N/A       41%         2
 Frozen Ramparts          Ice            0%         1d1       65%         3
 Ozocubu's Armour         Ice            0%         N/A       65%         3
 Summon Ice Beast         Ice/Summ       0%         N/A       65%         3
 Metabolic Englaciation   Hex/Ice        0%         N/A       100%        5
 Summon Mana Viper        Hex/Summ       0%         N/A       100%        5
 Monstrous Menagerie      Summ           0%         N/A       100%        7
 Chain Lightning          Conj/Air       0%         N/A       100%        9
 Fire Storm               Conj/Fire      3%         8d1       100%        9
 Shatter                  Erth           0%         3d5*      100%        9


Dungeon Overview and Level Annotations

Branches:
Dungeon (4/15)
 Temple: D:4-7

Altars:
Fedhas

Annotations:
D:3 1 runed translucent door, redkitty's ghost, amateur DECj
D:4 Duvessa


Innate Abilities, Weirdness & Mutations

Your spellcasting is much less encumbered by armour.
You can use scrolls of enchantment on lesser artefacts.


Message History

Duvessa is moderately wounded.
The foxfire hits Duvessa.
Duvessa is moderately wounded.
The foxfire hits Duvessa.
Duvessa is moderately wounded.
The foxfire hits Duvessa.
Duvessa is heavily wounded.
The foxfire hits Duvessa.
Duvessa is heavily wounded.
The foxfire hits Duvessa.
Duvessa is heavily wounded.
The foxfire hits Duvessa!
Duvessa is severely wounded.
The foxfire hits Duvessa.
Duvessa is severely wounded.
A protective cloak of flame settles atop you.
Duvessa hits you but does no damage.
Duvessa is burned by your cloak of flames.
Duvessa is severely wounded.
You hit Duvessa. You burn Duvessa.
Duvessa is almost dead.
Duvessa hits you with a +0 rapier.
Duvessa is burned by your cloak of flames.
Duvessa is almost dead.
You closely miss Duvessa.
Duvessa is almost dead.
Duvessa misses you. Duvessa hits you with a +0 rapier!
Duvessa is burned by your cloak of flames.
Duvessa is almost dead.
You hit Duvessa but do no damage.
Duvessa is almost dead.
Duvessa hits you with a +0 rapier!
* * * LOW HITPOINT WARNING * * *
Duvessa is burned by your cloak of flames.
Duvessa is almost dead.
You closely miss Duvessa.
Duvessa is almost dead.
Duvessa hits you with a +0 rapier!
You die...
Ignis goes out, and joins you in death.

##.......## #...##.#
##.....## #......# ###
##...## ##.....# #e##
###'####### ##.####
#.#e## #....†....# #.#
.e###.###.#.#####.#
#.# #.#
##.##.#.#####.# #.# ##
##.###.........# #.#
#.....)e@..###.# #.#
#.#####.....###.####.#
## #...#..........#
#...#####.######
#.........#
##........# ##.#######
#.# ######### #.#


You could see Duvessa (berserk).

Vanquished Creatures
  Menkaure (D:4)
  Dowan (D:4)
  A bombardier beetle (D:3)
  A hound (D:4)
  Terence (D:2)
  3 adders
  3 dart slugs (D:2)
  An orc (D:3)
  8 endoplasms
  A giant cockroach (D:2)
  6 goblins
  4 hobgoblins
  2 quokkas
  3 ball pythons
  5 bats
  A kobold (D:1)
  2 rats
44 creatures vanquished.

Vanquished Creatures (others)
  42 foxfires (D:4)
42 creatures vanquished.

Grand Total: 86 creatures vanquished

Notes
Turn   | Place    | Note
-------+----------+-------------------------------------------
     0 | D:1      | Spyfire242 the Mountain Dwarf Cinder Acolyte began the
                  | quest for the Orb.
     0 | D:1      | Reached XP level 1. HP: 19/19 MP: 2/2
   130 | D:1      | Reached skill level 4 in Maces & Flails
   363 | D:1      | Reached XP level 2. HP: 20/26 MP: 3/3
  1218 | D:2      | Noticed Terence
  1223 | D:2      | Killed Terence
  1224 | D:2      | Reached skill level 5 in Maces & Flails
  1224 | D:2      | Reached XP level 3. HP: 20/31 MP: 4/4
  1436 | D:2      | Reached XP level 4. HP: 30/38 MP: 5/5
  1704 | D:2      | Reached skill level 6 in Maces & Flails
  2090 | D:3      | Found a blossoming altar of Fedhas.
  2279 | D:3      | Found a runed translucent door.
  2280 | D:3      | Noticed redkitty's ghost (amateur DECj)
  2764 | D:3      | Reached skill level 1 in Armour
  2881 | D:4      | Reached XP level 5. HP: 43/45 MP: 6/6
  3074 | D:4      | Noticed Menkaure
  3081 | D:4      | Killed Menkaure
  3082 | D:4      | Reached skill level 7 in Maces & Flails
  3082 | D:4      | Reached XP level 6. HP: 29/51 MP: 7/7
  3234 | D:4      | Noticed Duvessa
  3234 | D:4      | Noticed Dowan
  3246 | D:4      | Killed Dowan
  3252 | D:4      | Slain by Duvessa

Illustrated notes

Levels and vault maps discovered:
D:1:      elethiomel_arrival_quiet, layout_loops_ring
D:2:      layout_basic, uniq_terence
D:3:      layout_loops_ring, mainiacjoe_overflow_concentric_impassable,
          ebering_ghost_reflecting_pool
D:4:      layout_loops_corners, kennysheep_mini,
          minmay_temple_entry_butterflies, chequers_serial_rivers_small_a,
          uniq_menkaure, uniq_duvessa

Skill      XL: |  1  2  3  4  5 |
---------------+----------------+-----
Maces & Flails | 4 5 6 7 |  7.7
Armour         | 1 2 |  2.8
Fighting       | |  3.2
Throwing       | |  0.1
Dodging        | |  0.2
Spellcasting   | |  1.0
Fire Magic     | |  3.6

Action                     |  1- 3 |  4- 6 || total
---------------------------+-------+-------++-------
  Melee: Mace              |   116 |    61 ||   177
  Throw: Stone             |     6 |       ||     6
 Invoke: Fiery Armour      |     1 |     1 ||     2
         Foxfire Swarm     |       |     2 ||     2
 Armour: Robe              |    42 |       ||    42
         Ring mail         |    20 |       ||    20
         Troll leather arm |    29 |       ||    29
         Scale mail        |       |    56 ||    56
  Dodge: Dodged            |    55 |    28 ||    83

Table legend: (Time is in decaauts)
 A = Elapsed time spent in this place.
 B = Non-inter-level travel time spent in this place.
 C = Inter-level travel time spent in this place.
 D = Time resting spent in this place.
 E = Time spent auto-exploring this place.
 F = Levels seen in this place.
 G = Mean time per level.
                   A        B        C        D        E       F      G
               +--------+--------+--------+--------+--------+-----+--------+
         Total |   3275 |   3150 |    125 |    206 |   2432 |   4 |  818.8 |
       Dungeon |   3275 |   3150 |    125 |    206 |   2432 |   4 |  818.8 |
               +--------+--------+--------+--------+--------+-----+--------+

Top non-repeatable levels by time:
     D:2: 1161 daAuts
     D:1: 864 daAuts
     D:3: 789 daAuts
     D:4: 460 daAuts
